 Dungeon Crawl Stone Soup version 0.31-a0-1611-g890cdf5628 (webtiles) character file.

Game seed: 17678964191939675737

1726789 Monkooky the Slayer (level 23, 266/266 HPs)
             Began as an Oni Brigand on Dec 27, 2023.
             Was the Champion of the Shining One.
             Escaped with the Orb
             ... and 3 runes on Jan 8, 2024!
             The game lasted 02:38:38 (53026 turns).

Monkooky the Slayer (Oni Brigand)                  Turns: 53026, Time: 02:38:39

Health: 266/266    AC: 27    Str: 39    XL:     23   Next: 6%
Magic:  34/34      EV:  9    Int: 19    God:    the Shining One [******]
Gold:   2659       SH: 26    Dex: 11    Spells: 12/22 levels left

rFire   + + .        b - +9 trishula (holy)
rCold   + . .        Q - +7 tower shield "Vapog" {^Contam +Blink Dex+3}
rNeg    + + +        g - +0 gold dragon scales
rPois   +            L - +2 hat
rElec   .            D - +1 cloak
rCorr   +            (gloves unavailable)
SInv    .            (boots unavailable)
Will    ++...        J - amulet of guardian spirit Stlth
                     m - ring of Fitit {^Drain +Blink Str+6 Int+9 Stlth-}
HPRegen 0.64/turn    K - ring of Zoompon {rF+ rN+ rCorr Str+4 Slay+2}
MPRegen 0.24/turn

%: clarity, guardian spirit
@: glowing
A: large, unfitting armour, horns 1, tough skin 1, double potion healing,
drunken brawling, iridescent scales 1, clarity, clumsy 1, dopey 1
0: Orb of Zot
}: 3/15 runes: serpentine, barnacled, abyssal
a: Renounce Religion, Evoke Blink, Divine Shield, Cleansing Flame, Summon Divine
Warrior


You escaped.
You worshipped the Shining One.
The Shining One was exalted by your worship.
You visited 8 branches of the dungeon, and saw 40 of its levels.
You visited the Abyss 2 times.
You also visited: Gauntlet.

You collected 4528 gold pieces.
You spent 1869 gold pieces at shops.

Inventory:

Hand Weapons
 b - a +9 trishula of holy wrath (weapon)
Missiles
 d - 34 large rocks (quivered)
 e - 10 curare-tipped darts
 u - 41 boomerangs
 x - 2 throwing nets
 y - 10 javelins
 Z - 33 silver javelins
Armour
 g - +0 gold dragon scales (worn)
 i - +3 ice dragon scales
 n - a +1 kite shield of reflection
 D - a +1 cloak (worn)
 L - a +2 hat (worn)
 Q - the +7 tower shield "Vapog" (worn) {^Contam +Blink Dex+3}
   (You acquired it on level 10 of the Dungeon)

   Dex+3:     It affects your dexterity (+3).
   +Blink:    It lets you blink.
   ^Contam:   It causes magical contamination when unequipped.
Jewellery
 c - the ring of Birdsong {Ice Will+}
   (You took it off Josephina on level 3 of the Realm of Zot)

   [ring of ice]

   Ice:       It enhances your ice magic.
   rF-:       It makes you vulnerable to fire.
   rC+:       It protects you from cold.
   Will+:     It increases your willpower.
 m - the ring of Fitit (left hand) {^Drain +Blink Str+6 Int+9 Stlth-}
   (You found it in a Gauntlet)

   [ring of strength]

   Str+6:     It affects your strength (+6).
   Int+9:     It affects your intelligence (+9).
   +Blink:    It lets you blink.
   ^Drain:    It drains your maximum health when unequipped.
   Stlth-:    It makes you less stealthy.
 I - a ring of resist corrosion
 J - an amulet of guardian spirit (around neck)
 K - the ring of Zoompon (right hand) {rF+ rN+ rCorr Str+4 Slay+2}
   (You bought it in a shop on level 1 of the Snake Pit)

   [ring of protection from fire]

   Str+4:     It affects your strength (+4).
   Slay+2:    It affects your accuracy & damage with ranged weapons and melee
   (+2).
   rF+:       It protects you from fire.
   rN+:       It protects you from negative energy.
   rCorr:     It protects you from acid and corrosion.
Wands
 r - a wand of digging (1)
 C - a wand of iceblast (14)
 O - a wand of acid (22)
 R - a wand of flame (6)
 S - a wand of polymorph (24)
 Y - a wand of paralysis (23)
Scrolls
 a - 6 scrolls of teleportation
 j - 2 scrolls of silence
 s - 4 scrolls of identify
 t - 11 scrolls of immolation
 w - 3 scrolls of fear
 A - 6 scrolls of poison
 B - 5 scrolls of vulnerability
 F - a scroll of enchant weapon
 N - a scroll of fog
 V - a scroll of blinking
 W - 6 scrolls of noise
Potions
 f - 6 potions of heal wounds
 h - 7 potions of attraction
 k - 3 potions of invisibility
 l - 5 potions of resistance
 q - 4 potions of enlightenment
 z - 7 potions of lignification
 E - 3 potions of berserk rage
 G - 4 potions of might
 H - 4 potions of brilliance
 T - 2 potions of mutation
 U - 5 potions of cancellation
 X - a potion of ambrosia
Miscellaneous
 p - a phial of floods
 v - a phantom mirror (inert)


   Skills:
 + Level 22.9 Fighting
 - Level 1.7 Short Blades
 - Level 14.0 Polearms
 + Level 18.7 Throwing
 + Level 14.4 Armour
 + Level 14.4 Dodging
 - Level 2.9 Stealth
 + Level 16.7 Shields
 - Level 15.9 Invocations


You had 12 spell levels left.
You knew the following spells:

 Your Spells              Type           Power      Damage    Failure   Level
a - Manifold Assault      Tloc           0%         N/A       100%        4
b - Blink                 Tloc           0%         N/A       99%         2
c - Apportation           Tloc           0%         N/A       97%         1
d - Passwall              Erth           0%         N/A       100%        3

Your spell library contained the following spells:

 Spells                   Type           Power      Damage    Failure   Level
 Kiss of Death            Conj/Necr      0%         2d5       97%         1
 Slow                     Hex            0%         N/A       97%         1
 Ensorcelled Hibernation  Hex/Ice        0%         N/A       99%         2
 Lesser Beckoning         Tloc           0%         N/A       99%         2
 Mercury Vapours          Alch/Air       0%         N/A       99%         2
 Momentum Strike          Conj/Tloc      0%         3d8       99%         2
 Scorch                   Fire           0%         2d5       99%         2
 Confusing Touch          Hex            0%         N/A       100%        3
 Dazzling Flash           Conj/Hex       0%         N/A       100%        3
 Frozen Ramparts          Ice            0%         1d1       100%        3
 Fugue of the Fallen      Necr           0%         N/A       100%        3
 Mephitic Cloud           Conj/Alch/Air  0%         N/A       100%        3
 Ozocubu's Armour         Ice            0%         N/A       100%        3
 Sigil of Binding         Hex            0%         N/A       100%        3
 Stone Arrow              Conj/Erth      0%         3d7       100%        3
 Swiftness                Air            0%         N/A       100%        3
 Vampiric Draining        Necr           0%         2d6       100%        3
 Volatile Blastmotes      Fire/Tloc      0%         2d10      100%        3
 Animate Armour           Summ/Erth      0%         N/A       100%        4
 Dispel Undead            Necr           0%         3d6       100%        4
 Flame Wave               Conj/Fire      0%         2d4       100%        4
 Leda's Liquefaction      Alch/Erth      0%         N/A       100%        4
 Petrify                  Alch/Erth      0%         N/A       100%        4
 Sticky Flame             Fire/Alch      0%         2d4       100%        4
 Summon Lightning Spire   Summ/Air       0%         N/A       100%        4
 Freezing Cloud           Conj/Ice/Air   0%         6-21      100%        5
 Lee's Rapid Deconstruct  Erth           0%         3d4*      100%        5
 Metabolic Englaciation   Hex/Ice        0%         N/A       100%        5
 Summon Forest            Summ/Tloc      0%         N/A       100%        5
 Dispersal                Tloc           0%         N/A       100%        6
 Starburst                Conj/Fire      0%         6d3       100%        6
 Summon Cactus Giant      Summ           0%         N/A       100%        6
 Summon Hydra             Summ           0%         N/A       100%        7
 Lehudib's Crystal Spear  Conj/Erth      0%         10d2      100%        8
 Maxwell's Capacitive Co  Air            0%         ∞         100%        8


Dungeon Overview and Level Annotations

Branches:
Dungeon (15/15) Temple (1/1) D:5 Lair (5/5) D:10 Shoals (4/4) Lair:3 Snake (4/4) Lair:2 Slime (0/5) Lair:4 Orc (2/2) D:11 Elf (0/3) Orc:1 Orc:2 Vaults (0/5) D:13 Depths (4/4) D:15 Zot (5/5) Depths:4 Gauntlet (visited)

Altars:
Ashenzari
Cheibriados
Dithmenos
Elyvilon
Fedhas
Gozag
Hepliaklqana
Kikubaaqudgha
Makhleb
Nemelex Xobeh
Okawaru
Qazlal
Ru
Sif Muna
Trog
Uskayaw
Vehumet
Wu Jian
Xom
Yredelemnul
Zin
The Shining One

Shops:
D:1 :   D:3 =   D:7 :   D:9 *(:?!   Orc:2 *:[(   Shoals:3 *   Snake:1 :=
Snake:2 [   Snake:3 (   Zot:4 *   Depths:4 *

Portals:
Hell: Depths:3 Depths:4
Abyss: D:15 Depths:3
Pandemonium: Depths:4

Annotations:
D:12 exclusion: downstairs
D:15 2 transporters
Lair:4 exclusion: downstairs
Shoals:2 exclusion: downstairs
Shoals:3 exclusion: 2 downstairs
Snake:4 2 transporters, Wastoufi's ghost, adept GrFi
Orc:1 exclusion: 2 downstairs
Zot:2 1 transporter, exclusion: downstairs


Innate Abilities, Weirdness & Mutations

You are too large for most types of armour.
You have a pair of small horns on your head.
You have tough skin. (AC +1)
You gain doubled healing and magic from potions.
Whenever you drink a healing potion, you attack all around you.
You are partially covered in iridescent scales. (AC +2)
You possess an exceptional clarity of mind.
You are clumsy. (Dex -2)
You are dopey. (Int -2)


Message History

You throw a large rock.
The large rock hits the demonspawn black sun!!
You kill the demonspawn black sun!
The Shining One accepts your kill.
You feel better.
You feel your power returning.
A lorocyproca comes into view.
You throw a large rock. The large rock hits the lorocyproca!
The lorocyproca is moderately wounded.
You throw a large rock. The large rock hits the lorocyproca!!!
The lorocyproca is severely wounded.
You throw a large rock. The large rock hits the lorocyproca!!!!
You kill the lorocyproca!
The Shining One accepts your kill.
You feel better.
What level of the Dungeon? (default 1, ? - help)
There is a stone staircase leading up here.
You climb upwards.
There is a stone staircase leading down here.
You see here a +0 leather armour.
There is an open door here.
A rust devil comes into view.
You throw a large rock. The large rock hits the rust devil!!!!
You kill the rust devil!
The Shining One accepts your kill.
You feel better.
What level of the Dungeon? (default 1, ? - help)
There is an open door here.
HP restored.
A soul eater comes into view.
You throw a large rock. The large rock hits the soul eater!!!!
You kill the soul eater!
The Shining One accepts your kill.
What level of the Dungeon? (default 1, ? - help)
There is a stone staircase leading up here.
You climb upwards.
There is a stone staircase leading down here.
There is a large open door here.
There is a staircase leading out of the dungeon here.
There is a staircase leading out of the dungeon here.
You have escaped!

###.##### #.#
P##)PP♣♣ #.#
PP...#P♣ #.#
P.....P♣ ######
#.# ~÷...÷.♣
##....###.#
.÷.§...#
#.####.##.#
...§...♣
#.8####'..#
.÷....##
#.#...#'..#
PP...P#♣
#.#.@..##.#
P.###PP♣
#.#...###.#
P#....## #.#.###
#.# #....PP♣ #..##
#.#
♣.#.#P♣###########
#.#
♣♣PPPPP#.........#
#.# P#♣♣P
#.#######.## #.#
########.#
#..###.##########
..#......#
##..##..........#


There were no monsters in sight!

Vanquished Creatures
  A pandemonium lord (D:8)
  A dread lich (Zot:5)
  2 ancient liches (Zot:5)
  Frederick (Depths:4)
  An orb of fire (Zot:5)
  A juggernaut (Depths:4)
  Josephina (Zot:3)
  Vv (Depths:4)
  6 Killer Klowns (Zot:5)
  A curse toe (Zot:5)
  Saint Roka (Snake:4)
  4 golden dragons
  A bone dragon (Depths:4)
  Rupert (D:15)
  8 tentacled monstrosities
  Jorgrun (Snake:3)
  18 Orb Guardians
  A walking divine tome (Depths:3)
  3 quicksilver dragons
  Agnes (Snake:1)
  Polyphemus (Shoals:4)
  A sphinx (Depths:4)
  A kraken (Shoals:3)
  Frances (Snake:1)
  An Executioner (Abyss:3)
  4 tentacled starspawn (Abyss:3)
  5 death cobs
  3 shadow dragons
  The ghost of Laraso the Severer, an adept HOCA of Ignis (Orc:2)
  4 storm dragons
  A tengu reaver (Depths:4)
  Roxanne (D:14)
  Kirke (D:13)
  3 protean progenitors
  Aizul (Snake:3)
  3 draconian monks
  2 nagarajas (Snake:4)
  4 draconian knights
  A fire giant (Depths:3)
  3 draconian scorchers
  3 balrugs
  A deep elf sorcerer (Shoals:2)
  3 frost giants
  Louise (Shoals:1)
  2 ghost moths (Zot:5)
  3 draconian shifters
  An angel (Shoals:4)
  An orc warlord (Orc:1)
  A caustic shrike zombie (Abyss:3)
  4 draconian annihilators
  5 draconian stormcallers
  8 stone giants
  2 apis
  A demonspawn black sun (D:3)
  4 green draconians
  A deep elf death mage (Shoals:2)
  5 black draconians
  2 lorocyprocas (D:3)
  8 yellow draconians
  6 purple draconians
  4 white draconians
  7 red draconians
  Snorg (Lair:5)
  A minotaur (Gauntlet)
  The ghost of xnavy the Basher, a journeyman DsCA of Ignis (Lair:3)
  11 merfolk javelineers
  An ettin (Depths:2)
  An eidolon (Abyss:3)
  7 fire dragons
  15 merfolk impalers
  A great orb of eyes (Abyss:3)
  6 hydras
  2 rakshasas
  2 ice dragons (Depths:3)
  10 anacondas
  6 salamander tyrants
  3 merfolk avatars
  5 centaur warriors
  2 catoblepae
  A spriggan air mage (Depths:3)
  2 tengu warriors
  A vault guard (D:13)
  A satyr (Shoals:3)
  3 alligators (Snake:1)
  7 two-headed ogres
  7 death yaks
  7 alligator snapping turtles
  5 boulder beetles
  3 deep troll shamans
  4 merfolk aquamancers
  A vampire mage (Abyss:3)
  16 naga warriors
  A holy swine (Shoals:3)
  An orc high priest (Orc:2)
  2 hell hogs
  2 thrashing horrors (Abyss:3)
  2 deep troll earth magi
  5 spriggan berserkers
  21 naga sharpshooters
  3 deep elf knights (Shoals:2)
  7 shock serpents
  2 occultists
  2 soul eaters
  4 sun demons
  8 hell knights
  3 salamander mystics
  A wretched star (Abyss:3)
  4 iron trolls
  A spriggan (Depths:3)
  2 goliath frogs (Snake:1)
  4 skeletal warriors (D:14)
  A sixfirhy (Abyss:3)
  5 skysharks
  2 cherubim (Shoals:4)
  2 glowing orange brains
  19 sea snakes
  11 mana vipers
  A flayed ghost (Abyss:3)
  An arcanist (D:14)
  12 deep trolls
  4 naga ritualists
  3 orb spiders
  A shadow demon (Zot:5)
  A deep elf zephyrmancer (Shoals:2)
  5 orc knights
  5 large abominations
  A lightning spire (Gauntlet)
  24 harpies
  A lindwurm (Lair:5)
  4 deep elf pyromancers
  17 ugly things
  A necromancer (Depths:4)
  A shining eye (shapeshifter) (Depths:3)
  5 cyclopes
  14 fauns
  A will-o-the-wisp (Abyss:3)
  3 oklob plants (Lair:4)
  5 orc sorcerers (Orc:2)
  10 merfolk sirens
  17 salamanders
  29 black mambas
  14 naga magi
  10 manticores
  A rust devil (D:2)
  9 moths of wrath
  7 kobold blastminers
  Joseph (Lair:1)
  5 water nymphs
  5 elephants (Lair:5)
  5 guardian serpents
  3 eyes of devastation (Zot:2)
  3 smoke demons
  A cane toad (shapeshifter) (D:11)
  16 cane toads
  3 gargoyles
  2 unseen horrors
  5 rime drakes
  15 komodo dragons
  A freezing wraith (Abyss:3)
  A kobold demonologist (D:11)
  5 yaktaurs (D:15)
  2 tengu conjurers (D:15)
  2 efreet
  4 ancient zymes (Abyss:3)
  An ice devil (Depths:1)
  A red devil (D:8)
  8 trolls
  4 polar bears
  A golden dragon simulacrum (Zot:3)
  24 merfolk
  A tyrant leech (Lair:1)
  A hornet (Depths:3)
  A shadow dragon simulacrum (Zot:3)
  3 wind drakes
  14 blink frogs
  5 raiju
  2 glass eyes
  15 snapping turtles
  5 slime creatures
  3 ynoxinuls
  A draconian simulacrum (Zot:3)
  2 vampires
  22 water elementals
  2 shadows
  A wraith (D:11)
  28 yaks
  A fire elemental (Abyss:3)
  4 fire bats (Orc:2)
  15 starcursed masses (Abyss:3)
  4 wyverns
  6 basilisks
  3 neqoxecs (Abyss:3)
  7 wargs
  4 vampire mosquitoes (D:11)
  6 small abominations
  43 nagas
  2 swamp worms (Lair:1)
  2 acid dragons (D:13)
  2 moth of wrath simulacra (Zot:3)
  8 water moccasins
  39 orc warriors
  An ice beast (D:8)
  2 sky beasts (D:7)
  3 black bears
  2 laughing skulls (Abyss:3)
  7 ogres
  A tengu (shapeshifter) (D:15)
  18 centaurs
  A phantom (D:4)
  23 wolves
  A kobold brigand (D:8)
  A weeping skull (Abyss:3)
  2 gnoll sergeants
  21 bullfrogs
  4 scorpions
  2 electric eels
  6 howler monkeys
  A bombardier beetle (D:7)
  5 hounds
  16 orc priests
  3 iguanas
  33 orc wizards
  7 hell rats (Lair:4)
  16 gnolls
  6 adders
  2 shadow imps (Gauntlet)
  2 white imps (D:6)
  5 ufetubi
  5 ribbon worms
  97 orcs
  4 ball pythons
  4 endoplasms
  5 giant cockroaches
  4 goblins
  6 hobgoblins
  2 jackals (D:4)
  15 kobolds
  4 quokkas
  7 bats
  5 frilled lizards
  7 rats
  An aspiring flesh (Zot:2)
  2 butterflies (Lair:4)
  A lurking horror (Abyss:3)
  A starspawn tentacle (Abyss:3)
  2 tentacles (Shoals:3)
1358 creatures vanquished.

Vanquished Creatures (collateral kills)
  An electric golem (Zot:5)
  4 Orb Guardians (Zot:5)
  A quicksilver dragon (Zot:5)
  An Executioner (Zot:5)
  A draconian shifter (Zot:5)
  A draconian scorcher (Zot:5)
  A draconian stormcaller (Zot:5)
  2 draconian annihilators (Zot:5)
  A green draconian (Zot:5)
  A red draconian (Zot:5)
  A merfolk javelineer (Shoals:4)
  2 hell hogs (D:8)
  A goliath frog (Snake:1)
  A manticore (Shoals:4)
  A moth of wrath (Zot:4)
  A slime creature (Zot:4)
21 creatures vanquished.

Vanquished Creatures (others)
  A black mamba (Snake:2)
  3 humans (D:13)
  6 starspawn tentacles (Abyss:3)
  3 tentacles (Shoals:3)
13 creatures vanquished.

Grand Total: 1392 creatures vanquished

Notes
Turn   | Place    | Note
-------+----------+-------------------------------------------
     0 | D:1      | Monkooky the Oni Brigand began the quest for the Orb.
     0 | D:1      | Reached XP level 1. HP: 22/22 MP: 1/1
    68 | D:1      | Reached skill level 3 in Fighting
   189 | D:1      | HP: 1/23 [hobgoblin (4)]
   191 | D:1      | Reached skill level 1 in Polearms
   193 | D:1      | Reached XP level 2. HP: 2/31 MP: 2/2
   338 | D:1      | Found Mumpi's Book Emporium.
   784 | D:1      | Reached XP level 3. HP: 37/37 MP: 3/3
   948 | D:2      | Found a faded altar of an unknown god.
   987 | D:2      | Prayed at the altar of an unknown god.
   987 | D:2      | Became a worshipper of the Shining One
   987 | D:2      | Reached * piety under the Shining One
  1202 | D:2      | Reached XP level 4. HP: 48/48 MP: 4/4
  1345 | D:2      | Reached skill level 4 in Fighting
  2323 | D:3      | Found Ohugir's Jewellery Shoppe.
  2384 | D:3      | Reached XP level 5. HP: 11/55 MP: 5/5
  2620 | D:4      | Reached skill level 5 in Fighting
  2651 | D:4      | Identified the +8 trident of Ashenzari, Feeding {protect,
                  | Str+2}
  2743 | D:4      | Found a radiant altar of Vehumet.
  2822 | D:4      | Reached XP level 6. HP: 59/66 MP: 6/6
  3271 | D:4      | Reached skill level 5 in Polearms
  3271 | D:4      | Reached XP level 7. HP: 72/72 MP: 7/7
  3473 | D:5      | Entered Level 5 of the Dungeon
  3762 | D:5      | Found a staircase to the Ecumenical Temple.
  3819 | Temple   | Entered the Ecumenical Temple
  3897 | D:5      | Reached ** piety under the Shining One
  4241 | D:5      | Reached XP level 8. HP: 62/80 MP: 8/8
  5128 | D:7      | Noticed a shadow
  5139 | D:7      | Killed a shadow
  5140 | D:7      | Reached skill level 10 in Polearms
  5140 | D:7      | Reached XP level 9. HP: 88/88 MP: 9/9
  5204 | D:7      | Found a basalt altar of Yredelemnul.
  5257 | D:7      | Found Kibapef's Tremendous Tomes.
  5406 | D:7      | Found a glowing silver altar of Zin.
  5407 | D:7      | Noticed an angel
  5435 | D:7      | Found a shimmering altar of Xom.
  5474 | D:7      | Found an ancient bone altar of Kikubaaqudgha.
  5641 | D:8      | Found a bloodstained altar of Trog.
  6103 | D:8      | Found a sparkling altar of Nemelex Xobeh.
  6124 | D:8      | Found a snail-covered altar of Cheibriados.
  6127 | D:8      | Found a shimmering blue altar of Sif Muna.
  6188 | D:9      | Found Nuiklir's Book Boutique.
  6642 | D:9      | Found Uzary's Magic Scroll Boutique.
  6650 | D:9      | Bought a scroll of teleportation for 45 gold pieces
  6650 | D:9      | Bought a scroll of noise for 15 gold pieces
  6650 | D:9      | Bought a scroll of enchant weapon for 112 gold pieces
  6669 | D:9      | Found Gimehikec's Distillery.
  6678 | D:9      | Bought 2 potions of ambrosia for 224 gold pieces
  6678 | D:9      | Bought a potion of curing for 42 gold pieces
  6845 | D:9      | Found a glowing golden altar of the Shining One.
  6988 | D:9      | Found Qamycw's Weapon Emporium.
  7054 | D:9      | Found Kuxkeal's Assorted Antiques.
  7332 | D:10     | Entered Level 10 of the Dungeon
  7370 | D:9      | Bought a potion of might for 56 gold pieces
  7402 | D:10     | Reached XP level 10. HP: 96/96 MP: 10/10
  7419 | D:10     | Noticed an unseen horror
  7427 | D:10     | Killed an unseen horror
  7552 | D:10     | Identified a scroll of acquirement
  7553 | D:10     | Acquired the +7 tower shield "Vapog" {^Contam +Blink Dex+3}
  7579 | D:10     | Reached *** piety under the Shining One
  7580 | D:10     | Found a staircase to the Lair.
  7604 | D:10     | Reached skill level 6 in Fighting
  7654 | D:10     | Found an iron altar of Okawaru.
  7896 | D:10     | You fall into a shaft and drop 1 floor!
  7911 | D:11     | Noticed a two-headed ogre
  7913 | D:11     | Noticed a two-headed ogre
  7913 | D:11     | Noticed an unseen horror
  7935 | D:11     | Reached skill level 7 in Fighting
  7941 | D:11     | Killed a two-headed ogre
  7942 | D:11     | Reached skill level 8 in Fighting
  7946 | D:11     | Killed an unseen horror
  7949 | D:11     | Killed a two-headed ogre
  7950 | D:11     | Reached skill level 10 in Fighting
  7950 | D:11     | Reached XP level 11. HP: 77/117 MP: 8/11
  7971 | D:11     | Noticed a cyclops
  7980 | D:11     | Killed a cyclops
  7981 | D:11     | Reached skill level 11 in Fighting
  8178 | D:11     | Reached skill level 1 in Shields
  8517 | Lair:1   | Entered Level 1 of the Lair of Beasts
  8823 | Lair:1   | Noticed Joseph
  8836 | Lair:1   | Killed Joseph
  8837 | Lair:1   | Reached skill level 5 in Shields
  9534 | Lair:1   | Reached **** piety under the Shining One
  9889 | Lair:2   | Reached XP level 12. HP: 77/130 MP: 6/12
 10550 | Lair:2   | Found a staircase to the Snake Pit.
 10845 | Lair:2   | Reached skill level 10 in Shields
 10962 | Lair:2   | Upgraded the game from 0.31-a0-1447-g87ca8d402b to
                  | 0.31-a0-1589-g8f5e8aebd6
 10981 | Lair:3   | Reached skill level 1 in Invocations
 11003 | Lair:3   | Found a runed translucent door.
 11003 | Lair:3   | Noticed xnavy's ghost (journeyman DsCA)
 11040 | Lair:3   | Found a gate leading to a gauntlet.
 11050 | Gauntlet | Entered a Gauntlet
 11050 | Gauntlet | Found a transporter.
 11050 | Gauntlet | Found a transporter.
 11055 | Gauntlet | Noticed a soul eater
 11076 | Gauntlet | Found a transporter.
 11076 | Gauntlet | Found a transporter.
 11085 | Gauntlet | Found a transporter.
 11092 | Gauntlet | Noticed a tengu warrior
 11104 | Gauntlet | Found a transporter.
 11107 | Gauntlet | Reached ***** piety under the Shining One
 11114 | Gauntlet | Found a transporter.
 11114 | Gauntlet | Found a transporter.
 11119 | Gauntlet | Found a transporter.
 11148 | Gauntlet | Found a transporter.
 11155 | Gauntlet | Found a transporter.
 11193 | Gauntlet | Found a transporter.
 11207 | Gauntlet | Found a transporter.
 11223 | Gauntlet | Found a transporter.
 11323 | Gauntlet | Found a transporter.
 11337 | Gauntlet | Found a transporter.
 11445 | Gauntlet | Killed a soul eater
 11446 | Gauntlet | Reached skill level 5 in Invocations
 11457 | Gauntlet | Identified the ring "Yqubiw" {rF- rCorr Str+4 Dex+3 Slay-3
                  | SInv}
 11635 | Gauntlet | Identified the ring of Fitit {^Drain +Blink Str+6 Int+9
                  | Stlth-}
 11733 | Gauntlet | Identified the +9 great mace of Res Judicata {antimagic,
                  | Fly rC+ Stlth+}
 11733 | Gauntlet | Noticed a minotaur
 11748 | Gauntlet | Killed a minotaur
 11777 | Gauntlet | Got the Compilation of the Cunning Blink Frog
 11849 | Gauntlet | Acquired a manual of Throwing
 11983 | Lair:3   | Reached skill level 5 in Throwing
 12549 | Lair:3   | Reached skill level 12 in Fighting
 12549 | Lair:3   | Reached XP level 13. HP: 140/140 MP: 18/18
 12637 | Lair:3   | Killed xnavy's ghost
 12881 | Lair:4   | Reached skill level 13 in Fighting
 13025 | Lair:4   | Reached skill level 14 in Fighting
 13176 | Lair:4   | Found a staircase to the Slime Pits.
 13640 | Lair:4   | Reached skill level 15 in Fighting
 13873 | Lair:4   | Learned a level 4 spell: Manifold Assault
 13876 | Lair:4   | Learned a level 2 spell: Blink
 13878 | Lair:4   | Learned a level 1 spell: Apportation
 13951 | Lair:5   | Entered Level 5 of the Lair of Beasts
 14198 | Lair:5   | Reached skill level 16 in Fighting
 14483 | Lair:5   | Reached skill level 17 in Fighting
 14587 | Lair:5   | Reached skill level 1 in Dodging
 14602 | Lair:5   | Noticed Snorg
 14614 | Lair:5   | Killed Snorg
 14615 | Lair:5   | Reached skill level 1 in Armour
 14840 | Lair:5   | Reached XP level 14. HP: 147/166 MP: 16/19
 15336 | Lair:4   | Learned a level 3 spell: Passwall
 15634 | D:11     | Reached skill level 5 in Dodging
 15818 | D:11     | Reached ****** piety under the Shining One
 15819 | D:11     | Reached skill level 5 in Armour
 15821 | D:11     | Identified a +5 trishula of holy wrath (a +3 heavy demon
                  | trident blessed by the Shining One)
 15821 | D:11     | Received a gift from the Shining One
 15923 | D:11     | Found a staircase to the Orcish Mines.
 16437 | Orc:1    | Entered Level 1 of the Orcish Mines
 17181 | Orc:2    | Entered Level 2 of the Orcish Mines
 17181 | Orc:2    | Noticed an orc warlord
 17181 | Orc:2    | Found a staircase to the Elven Halls.
 17181 | Orc:2    | Found a runed translucent gate.
 17181 | Orc:2    | Found a runed translucent gate.
 17181 | Orc:2    | Found a runed translucent gate.
 17240 | Orc:2    | Found Zianer's Book Shoppe.
 17334 | Orc:1    | Killed an orc warlord
 17442 | Orc:2    | Noticed Laraso's ghost (adept HOCA)
 17668 | Orc:2    | Found Enuaplum's Antique Weapon Emporium.
 17991 | Orc:2    | Found Ogruat's Antique Armour Shoppe.
 18002 | Orc:2    | Gained mutation: You occasionally shout uncontrollably at
                  | your foes. [a neqoxec]
 18086 | Orc:2    | Found Soffikat's General Store.
 18094 | Orc:2    | Bought 2 potions of curing for 78 gold pieces
 18430 | Orc:2    | Killed Laraso's ghost
 18461 | Orc:2    | Reached XP level 15. HP: 174/174 MP: 20/20
 19432 | D:13     | Noticed Kirke
 19444 | D:13     | Killed Kirke
 19668 | Shoals:1 | Entered Level 1 of the Shoals
 19748 | Shoals:1 | Noticed Louise
 19780 | Shoals:1 | Reached skill level 10 in Invocations
 20353 | Abyss:3  | Found a corrupted altar of Lugonu.
 20353 | Abyss:3  | Cast into level 3 of the Abyss (Louise)
 20481 | Abyss:3  | Noticed a tentacled starspawn
 20565 | Abyss:3  | Killed a tentacled starspawn
 20682 | Abyss:3  | Found a corrupted altar of Lugonu.
 20737 | Abyss:3  | Noticed a bone dragon
 20753 | Abyss:3  | Noticed a tentacled starspawn
 20754 | Abyss:3  | Got an abyssal rune of Zot
 20755 | Abyss:3  | Noticed a tentacled starspawn
 20769 | Abyss:3  | Killed a tentacled starspawn
 20774 | Abyss:3  | Killed a tentacled starspawn
 20780 | Abyss:3  | Found a corrupted altar of Lugonu.
 20919 | Abyss:3  | Reached XP level 16. HP: 183/183 MP: 24/24
 20971 | Abyss:3  | Noticed an Executioner
 20973 | Abyss:3  | Killed an Executioner
 21029 | Abyss:3  | Noticed a tentacled starspawn
 21043 | Abyss:3  | Noticed a tentacled starspawn
 21052 | Shoals:1 | Escaped the Abyss
 21072 | Shoals:1 | Killed Louise
 21690 | Shoals:2 | Identified the amulet "Siuk" {Spirit Regen+}
 22652 | Shoals:2 | Upgraded the game from 0.31-a0-1589-g8f5e8aebd6 to
                  | 0.31-a0-1591-g515db51633
 23566 | Shoals:3 | Identified the +1 rapier "Leg Sih" {elec, rElec rF+ Str-5}
 23655 | Shoals:3 | Found Yhualos's Gadget Gallery.
 23876 | Shoals:3 | Found Uchoet's Jewellery Boutique.
 24089 | Shoals:3 | Noticed a kraken
 24102 | Shoals:3 | Killed a kraken
 24120 | Shoals:3 | Reached skill level 18 in Fighting
 24366 | Shoals:4 | Entered Level 4 of the Shoals
 24734 | Shoals:4 | Found a glowing golden altar of the Shining One.
 24749 | Shoals:4 | Reached skill level 15 in Invocations
 24964 | Shoals:3 | Upgraded the game from 0.31-a0-1591-g515db51633 to
                  | 0.31-a0-1603-gbec6b6ccbf
 25549 | Shoals:2 | Reached XP level 17. HP: 181/193 MP: 28/28
 26691 | Shoals:4 | Noticed Polyphemus
 27371 | Shoals:4 | Killed Polyphemus
 27487 | Shoals:4 | Reached skill level 10 in Throwing
 27547 | Shoals:4 | Found a glowing silver altar of Zin.
 27593 | Shoals:4 | Identified the +7 scimitar "Heeqodieha" {pain, rElec MP+9}
 29346 | Shoals:4 | Identified the +6 war axe "Iching" {freeze, rPois rF+ Int+2
                  | Dex+2}
 29884 | Shoals:4 | Found a white marble altar of Elyvilon.
 29955 | Shoals:4 | Got a barnacled rune of Zot
 31274 | Snake:1  | Entered Level 1 of the Snake Pit
 31373 | Snake:1  | Noticed Frances
 31382 | Snake:1  | Killed Frances
 31785 | Snake:1  | Noticed Agnes
 31794 | Snake:1  | Killed Agnes
 31795 | Snake:1  | Reached skill level 15 in Throwing
 32128 | Snake:1  | Reached XP level 18. HP: 121/204 MP: 13/29
 32945 | Snake:1  | Found Voim's Jewellery Emporium.
 32945 | Snake:1  | Found Caepnibb's Book Shop.
 32946 | Snake:1  | Found Varisino's Book Shop.
 32955 | Snake:1  | Bought the ring of Zoompon {rF+ rN+ rCorr Str+4 Slay+2} for
                  | 937 gold pieces
 33425 | Snake:2  | Acquired 928 gold pieces
 33613 | Snake:2  | Reached skill level 10 in Dodging
 33860 | Snake:2  | Reached skill level 10 in Armour
 33938 | Snake:2  | Found Fubeq's Armour Emporium.
 34515 | Snake:2  | Found Fubeq's Armour Emporium.
 35242 | Snake:3  | Identified the serpent talisman of Gluttony {*Slow rN++
                  | SInv}
 35242 | Snake:3  | Noticed Aizul
 35257 | Snake:3  | Killed Aizul
 35671 | Snake:3  | Upgraded the game from 0.31-a0-1603-gbec6b6ccbf to
                  | 0.31-a0-1611-g890cdf5628
 35671 | Snake:3  | Noticed Jorgrun
 35685 | Snake:3  | Killed Jorgrun
 36477 | Snake:3  | Reached XP level 19. HP: 214/214 MP: 30/30
 36643 | Snake:3  | Reached skill level 19 in Fighting
 36828 | Snake:3  | Found Solyd's Antique Weapon Shoppe.
 37436 | Snake:4  | Entered Level 4 of the Snake Pit
 37542 | Snake:4  | Noticed Saint Roka
 37575 | Snake:4  | Killed Saint Roka
 37784 | Snake:4  | Found a transporter.
 37792 | Snake:4  | Found a transporter.
 37826 | Snake:4  | Noticed Wastoufi's ghost (adept GrFi)
 39409 | Snake:4  | Got a serpentine rune of Zot
 40279 | D:13     | Found a gate to the Vaults.
 40504 | D:13     | Got Iliasat's Tome of Toxic Illusion
 40876 | D:14     | Found an opulent altar of Gozag.
 41387 | D:14     | Noticed Roxanne
 41964 | D:14     | Killed Roxanne
 42002 | D:15     | Entered Level 15 of the Dungeon
 42171 | D:15     | Found a transporter.
 42186 | D:15     | Found a transporter.
 42187 | D:15     | Found a one-way gate to the infinite horrors of the Abyss.
 42385 | D:15     | Found an ancient bone altar of Kikubaaqudgha.
 42515 | D:15     | Found a staircase to the Depths.
 42542 | D:15     | Noticed Rupert
 42544 | D:15     | Paralysed by Rupert for 2 turns
 42555 | D:15     | Killed Rupert
 42818 | Depths:1 | Entered Level 1 of the Depths
 42829 | Depths:1 | Reached skill level 20 in Fighting
 42829 | Depths:1 | Reached XP level 20. HP: 208/228 MP: 28/31
 43020 | Depths:3 | Found a gateway to Hell.
 43731 | Depths:3 | Gained mutation: You have hidden genetic defects. [a
                  | shining eye]
 44730 | Depths:4 | Entered Level 4 of the Depths
 44778 | Depths:4 | Noticed Vv
 44790 | Depths:4 | Killed Vv
 45055 | Depths:4 | Found a one-way gate leading to the halls of Pandemonium.
 45171 | Depths:4 | Identified the orb of Fuzzy Life {*channel, ^Drain rElec
                  | Regen+ Alchemy}
 45171 | Depths:4 | Noticed Frederick
 45181 | Depths:4 | Killed Frederick
 45188 | Depths:4 | Gained mutation: You are weak. (Str -2) [hidden defects]
 45370 | Depths:4 | Lost mutation: You have hidden genetic defects. [potion of
                  | mutation]
 45370 | Depths:4 | Lost mutation: You are weak. (Str -2) [potion of mutation]
 45370 | Depths:4 | Gained mutation: You occasionally lose the ability to read
                  | scrolls when taking damage. [potion of mutation]
 45370 | Depths:4 | Gained mutation: You possess an exceptional clarity of
                  | mind. [potion of mutation]
 45371 | Depths:4 | Lost mutation: You occasionally shout uncontrollably at
                  | your foes. [potion of mutation]
 45371 | Depths:4 | Lost mutation: You occasionally lose the ability to read
                  | scrolls when taking damage. [potion of mutation]
 45371 | Depths:4 | Gained mutation: You are dopey. (Int -2) [potion of
                  | mutation]
 45371 | Depths:4 | Gained mutation: You are partially covered in iridescent
                  | scales. (AC +2) [potion of mutation]
 45564 | Depths:4 | Reached skill level 15 in Shields
 45580 | Depths:4 | Noticed a juggernaut
 45594 | Depths:4 | Killed a juggernaut
 45930 | Depths:4 | Noticed a golden dragon
 45935 | Depths:4 | Killed a golden dragon
 45944 | Depths:4 | Found a gate to the Realm of Zot.
 45948 | Depths:4 | Noticed a bone dragon
 45963 | Depths:4 | Killed a bone dragon
 46210 | Depths:4 | Found Goefif's General Store.
 46216 | Depths:4 | Bought 2 potions of curing for 90 gold pieces
 46368 | Depths:4 | Identified the blade talisman "Aloeleta" {rElec rN+ Int+3}
 46522 | Depths:4 | Reached XP level 21. HP: 203/240 MP: 29/32
 46650 | Depths:4 | Reached skill level 21 in Fighting
 47028 | Zot:1    | Entered Level 1 of the Realm of Zot
 47047 | Zot:2    | Found a transporter.
 47053 | Zot:2    | Noticed a golden dragon
 47065 | Zot:2    | Killed a golden dragon
 47665 | Zot:3    | Noticed a golden dragon
 47864 | Zot:3    | Noticed a golden dragon
 48439 | Zot:3    | Killed a golden dragon
 48479 | Zot:3    | Killed a golden dragon
 48885 | Zot:3    | Identified the ring of Birdsong {Ice Will+}
 48885 | Zot:3    | Noticed Josephina
 48891 | Zot:3    | HP: 6/243 [white draconian stormcaller[a green draconian
                  | monk] (16)]
 48892 | Zot:2    | The Shining One protects you from harm!
 49634 | Zot:3    | Killed Josephina
 50109 | D:9      | Bought 3 scrolls of poison for 180 gold pieces
 50109 | D:9      | Bought a scroll of teleportation for 45 gold pieces
 50109 | D:9      | Bought a scroll of teleportation for 45 gold pieces
 50762 | Zot:4    | Found Itsaki's Changing Room.
 50811 | Zot:5    | Entered Level 5 of the Realm of Zot
 50976 | Zot:5    | Noticed a Killer Klown
 50987 | Abyss:3  | Cast into level 3 of the Abyss (Killer Klown)
 51011 | Zot:5    | Escaped the Abyss
 51020 | Zot:5    | Killed a Killer Klown
 51564 | Zot:5    | Noticed a curse toe
 51572 | Zot:5    | Killed a curse toe
 51605 | Zot:5    | Reached XP level 22. HP: 232/254 MP: 31/33
 51902 | Zot:5    | Reached skill level 22 in Fighting
 52026 | Zot:5    | Noticed a dread lich
 52028 | Zot:5    | Identified the +8 tower shield of the Equator {rN+ Will+
                  | Dex+3}
 52039 | Zot:5    | Killed a dread lich
 52073 | Zot:5    | Noticed a Killer Klown
 52079 | Zot:5    | Noticed a Killer Klown
 52081 | Zot:5    | Noticed a Killer Klown
 52083 | Zot:5    | Noticed an orb of fire
 52084 | Zot:5    | Gained mutation: You are clumsy. (Dex -2) [an orb of fire]
 52088 | Zot:5    | Killed a Killer Klown
 52090 | Zot:5    | Noticed a Killer Klown
 52092 | Zot:5    | Noticed an ancient lich
 52093 | Zot:5    | Killed a Killer Klown
 52097 | Zot:5    | Killed an orb of fire
 52097 | Zot:5    | Killed an ancient lich
 52101 | Zot:5    | Killed a Killer Klown
 52104 | Zot:5    | Noticed a Killer Klown
 52107 | Zot:5    | Killed a Killer Klown
 52108 | Zot:5    | Killed a Killer Klown
 52216 | Zot:5    | Found the +3 pair of gauntlets of War {Slay+5}
 52377 | Zot:5    | Got the Orb of Zot
 52421 | Zot:5    | Noticed an ancient lich
 52428 | Zot:5    | Killed an ancient lich
 52481 | Zot:4    | Noticed a Killer Klown
 52860 | D:8      | Noticed Uruegazu the pandemonium lord
 52888 | D:8      | Killed Uruegazu the pandemonium lord
 52889 | D:8      | Noticed Mastreedou the pandemonium lord
 52891 | D:8      | Reached XP level 23. HP: 248/266 MP: 20/34
 52919 | D:7      | Noticed Iphy the pandemonium lord
 53026 | D:$      | Escaped with the Orb!

Illustrated notes

Levels and vault maps discovered:
D:1:      saegor_arrival_simple_e, layout_basic, serial_shops,
          nicolae_shop_hallway_plus, minmay_misc_feat_diagonals,
          lexackson_kobold_supper
D:2:      layout_loops_corners, ebering_ecumenical_altar_sacrificial
D:3:      layout_rooms, serial_shops, shop
D:4:      layout_cave_pods, vehumet_crystals, serial_column_ruins,
          column_ruins_hut_pillars, column_ruins_grid_5,
          column_ruins_columns_dead_end, column_ruins_open_small,
          column_ruins_open_small_water, column_ruins_open_small,
          chequers_mini_garden
D:5:      layout_basic, minmay_temple_entry_glass
D:6:      layout_basic
D:7:      layout_rooms, zin_angel, yredelemnul_altar_generic,
          kiku_gazebo_garden_becter, old_standard_altar,
          nicolae_shop_i_like_big_books, hangedman_decor_clover_reticule,
          minivault_1
D:8:      layout_rooms, trog_three_pillars_becter,
          minmay_overflow_temple_star_quad
D:9:      layout_grid_maze, lemuel_tele_altar, serial_shops, shop, shop, shop,
          shop, nicolae_shop_statue_plus
D:10:     layout_big_octagon, okawaru_trees_1, erik_lair_orcish_takeover,
          nicolae_houndstooth_variations
D:11:     layout_loops_ring, david_orc_4, minmay_diced_spiral
D:12:     layout_loops_ring
D:13:     layout_loops_ring, hellmonk_vaults_order_and_chaos,
          amcnicky_mini_corridor_feature, minmay_checkerbox, uniq_kirke
D:14:     layout_stronghold, grunt_gozag_statues, uniq_roxanne
D:15:     hangedman_depths_entry_civil_slaughter, layout_basic,
          gammafunk_ghost_abyssal_escape, lemuel_doored_altar, uniq_rupert
Temple:   nicolae_temple_ecumenical_triangle
Lair:1:   layout_cave_shapes, worms_lemuel, uniq_joseph
Lair:2:   layout_loops_ring, guppyfry_snake_entry_island, minivault_27, pond,
          serial_bayou_shore_a
Lair:3:   layout_big_grid, nicolae_shoals_entry_flooding,
          gauntlet_entry_generic, hellmonk_ghost_happy_afterlife
Lair:4:   minmay_lair_oklob_chamber, layout_small_grid, slime_entry_1,
          infiniplex_staircase_pool_2, lemuel_fruit_fields, lemuel_fruit_tree
Lair:5:   grunt_lair_end_beastmaster, layout_misc_corridors, lookout_lair_type,
          serial_bayou_ford_a, amcnicky_mini_pool_medium, uniq_snorg
Shoals:1: layout_shoals, nicolae_shoals_nautilus_by_nature, uniq_louise
Shoals:2: nicolae_shoals_deep_elves_summer_vacation, layout_shoals,
          nicolae_shoals_mertower
Shoals:3: layout_shoals, serial_shops, shop, nicolae_shoals_land_atoll,
          nicolae_shop_gadgets
Shoals:4: shoals_end_hellmonk_holy_island, uniq_polyphemus
Snake:1:  layout_grid_maze, nicolae_snake_herptile_family_reunion,
          minmay_shop_grove, uniq_frances, uniq_agnes
Snake:2:  minmay_snake_river, layout_honeycomb, serial_shops, shop
Snake:3:  layout_layer_cave, serial_shops, shop, nicolae_integral_box,
          uniq_aizul, uniq_jorgrun
Snake:4:  snake_pit, layout_gridlike, gammafunk_ghost_berserking_beasts,
          uniq_saint_roka
Orc:1:    layout_diamond_mine
Orc:2:    grunt_orc_gardens, layout_diamond_mine, grunt_orc_garden,
          grunt_orc_garden, grunt_orc_garden, grunt_orc_garden,
          gammafunk_ghost_split, nicolae_orc_lava_tube
Depths:1: layout_gridlike, enter_ziggurat_d, serial_shops,
          nicolae_lakefront_shop, nicolae_uskayaw_dance_hall,
          abyss_entry_small_statue_room, grunt_hell_entry_dis_old,
          serial_corexii_hall, corexii_hall_statues_s, corexii_hall_statues_u,
          corexii_hall_statues_i, chequers_hall_statues_wall_a,
          chequers_hall_statues_corner_a, chequers_hall_statues_wall_a,
          kennysheep_generic_room_10
Depths:2: hangedman_cross_cluster, layout_cave_pools, grunt_pan_entry_spiral,
          grunt_hell_horde, onia_ninara_cookie
Depths:3: grunt_bruiser_brothers, layout_cave_pools, hell_entry, abyss_entry,
          nicolae_water_bricks, kennysheep_random_hallway,
          infiniplex_staircase_door_maze
Depths:4: grunt_zot_entry_bicorn, layout_basic, hell_entry, serial_shops, shop,
          rand_demon_pan_entry_7, chequers_serial_rivers_micro_b, serial_curves,
          eino_curves_02, eino_curves_03, eino_curves_03, eino_curves_03,
          uniq_vv, uniq_frederick
Zot:1:    layout_misc_corridors, grunt_ministairs_5,
          regret_index_zotdec_fiery_em
Zot:2:    gammafunk_dig_for_victory, layout_twisted_circle
Zot:3:    layout_misc_corridors, uniq_josephina
Zot:4:    lemuel_draconian_sentries, layout_misc_corridors,
          nicolae_transmutations_shop
Zot:5:    layout_basic, st_stairs_8

Skill      XL: |  1  2  3  4  5  6  7  8  9 10 11 12 13 14 15 16 17 18 19 20 21 22 |
---------------+-------------------------------------------------------------------+-----
Fighting       | 3 4 5 10 11 12 17 18 20 21 22 | 22.9
Polearms       | 1 2 3 5 7 10 12 14 | 14.0
Throwing       | 3 6 15 16 17 18 | 18.7
Shields        | 8 10 11 13 14 15 16 | 16.7
Invocations    | 7 14 15 | 15.9
Dodging        | 3 7 8 9 10 11 12 13 14 | 14.4
Armour         | 2 7 8 9 10 11 12 13 14 | 14.4
Short Blades   | |  1.7
Stealth        | |  2.9

Action                     |  1- 3 |  4- 6 |  7- 9 | 10-12 | 13-15 | 16-18 | 19-21 | 22-24 || total
---------------------------+-------+-------+-------+-------+-------+-------+-------+-------++-------
  Melee: Dagger            |    91 |    77 |       |       |       |       |       |       ||   168
         Headbutt          |    16 |    18 |    31 |   115 |   251 |   166 |   231 |    52 ||   880
         Punch             |     2 |       |     2 |     2 |       |       |       |       ||     6
         Trident           |       |    29 |   225 |   491 |   381 |       |       |       ||  1126
         Trishula          |       |       |       |       |   675 |  1127 |   906 |   103 ||  2811
  Throw: Dart              |     4 |     7 |    26 |    27 |    48 |    28 |    19 |       ||   159
         Throwing net      |       |       |       |     1 |       |     2 |     4 |       ||     7
         Boomerang         |       |       |       |       |       |   261 |   229 |    10 ||   500
         Large rock        |       |       |       |       |       |     4 |   179 |    32 ||   215
         Javelin           |       |       |       |       |       |     3 |    37 |    28 ||    68
   Cast: Passwall          |       |       |       |       |     1 |       |       |       ||     1
 Invoke: Divine Shield     |       |       |       |     2 |     3 |     3 |     2 |     2 ||    12
         Cleansing Flame   |       |       |       |       |     9 |     8 |       |     2 ||    19
         Brand Weapon With |       |       |       |       |     1 |       |       |       ||     1
         Summon Divine War |       |       |       |       |       |     4 |     3 |     9 ||    16
  Evoke: Wand              |       |       |       |     6 |     5 |    15 |     5 |     3 ||    34
         Phantom mirror    |       |       |       |       |       |     2 |       |     1 ||     3
         Phial of floods   |       |       |       |       |       |     1 |     2 |       ||     3
    Use: Scroll            |       |       |     6 |    16 |    15 |    11 |     5 |     2 ||    55
         Potion            |       |       |       |     2 |     7 |     9 |    12 |    12 ||    42
   Stab: Sleeping          |     5 |       |       |       |       |       |       |       ||     5
 Armour: Robe              |    64 |    65 |    66 |   172 |       |       |       |       ||   367
         Ice dragon scales |       |       |       |     9 |   437 |   450 |       |       ||   896
         Pearl dragon scal |       |       |       |       |       |   192 |   238 |       ||   430
         Gold dragon scale |       |       |       |       |       |       |   167 |    72 ||   239
  Dodge: Dodged            |    41 |    41 |    67 |   133 |   301 |   318 |   119 |    14 ||  1034
  Block: Kite shield       |       |       |       |    92 |   395 |   375 |       |       ||   862
         Reflection        |       |       |       |       |    56 |    31 |       |       ||    87
         Tower shield      |       |       |       |       |       |   170 |   652 |   136 ||   958

Table legend: (Time is in decaauts)
 A = Elapsed time spent in this place.
 B = Non-inter-level travel time spent in this place.
 C = Inter-level travel time spent in this place.
 D = Time resting spent in this place.
 E = Time spent auto-exploring this place.
 F = Levels seen in this place.
 G = Mean time per level.
                   A        B        C        D        E       F      G
               +--------+--------+--------+--------+--------+-----+--------+
         Total |  51771 |  47514 |   4257 |  13011 |  25707 |  43 | 1204.0 |
       Dungeon |  14826 |  12706 |   2120 |    529 |  10246 |  15 |  988.4 |
        Temple |     73 |     73 |      0 |     72 |      0 |   1 |   73.0 |
          Lair |   6263 |   5836 |    427 |    707 |   4092 |   5 | 1252.6 |
        Shoals |   9198 |   8840 |    358 |   5000 |   2417 |   4 | 2299.5 |
     Snake Pit |   8450 |   8193 |    257 |   2256 |   4787 |   4 | 2112.5 |
  Orcish Mines |   2044 |   1820 |    224 |    122 |   1257 |   2 | 1022.0 |
        Depths |   4537 |   3914 |    623 |   1016 |   2309 |   4 | 1134.2 |
           Zot |   4927 |   4682 |    245 |   2914 |    287 |   5 |  985.4 |
         Abyss |    663 |    663 |      0 |    265 |      0 |   2 |  331.5 |
      Gauntlet |    787 |    787 |      0 |    127 |    312 |   1 |  787.0 |
               +--------+--------+--------+--------+--------+-----+--------+

Top non-repeatable levels by time:
Shoals:3: 4484 daAuts
 Snake:2: 2383 daAuts
 Snake:4: 2370 daAuts
Depths:4: 2329 daAuts
   Zot:2: 1976 daAuts
 Snake:3: 1953 daAuts
Shoals:1: 1779 daAuts
 Snake:1: 1743 daAuts
Shoals:2: 1603 daAuts
Depths:3: 1576 daAuts
    D:11: 1576 daAuts
   Zot:5: 1544 daAuts
  Lair:4: 1486 daAuts
     D:9: 1345 daAuts
Shoals:4: 1330 daAuts
